[Event "Hungarian Rapid-ch 2022"]
[Site "Ajka"]
[Date "2022.07.15"]
[Round "2.16"]
[White "Nemeth, Zalan"]
[Black "Czebe, Attila"]
[Result "1-0"]
[ECO "A10"]
[WhiteElo "2194"]
[BlackElo "2385"]
[Annotator "ChessBase"]
[PlyCount "45"]
[EventDate "2022.07.15"]
[EventType "swiss"]
[EventCountry "HUN"]
[SourceTitle "playchess.com"]
[Source "ChessBase"]
[SourceQuality "1"]
[TimeControl "900+10"]

1. c4 b6 2. Nc3 Bb7 3. e4 e6 4. Nge2 Nf6 5. d3 Be7 6. g3 O-O 7. Bg2 c5 8. O-O Nc6 9. h3 a6 10. Be3 d6 11. d4 e5 12. dxe5 dxe5 13. Nd5 Nd4 14. Nec3 Nxd5 15. Nxd5 Bxd5 16. exd5 Bd6 17. Bxd4 cxd4 18. Kh1 Qd7 19. f4 exf4 20. gxf4 Rae8 21. Qxd4 Bc5 22. Qd2 Re3 23. b4 1-0

[Event "Hungarian Rapid-ch 2022"]
[Site "Ajka"]
[Date "2022.07.15"]
[Round "2.17"]
[White "Korpa, Bence"]
[Black "Mihok-Juhasz, Barbara"]
[Result "1-0"]
[ECO "A45"]
[WhiteElo "2537"]
[BlackElo "2221"]
[Annotator "ChessBase"]
[PlyCount "137"]
[EventDate "2022.07.15"]
[EventType "swiss"]
[EventCountry "HUN"]
[SourceTitle "playchess.com"]
[Source "ChessBase"]
[SourceQuality "1"]
[TimeControl "900+10"]

1. d4 Nf6 2. Nc3 d5 3. Bf4 g6 4. e3 Bg7 5. Nb5 Na6 6. h3 c6 7. Nc3 Nc7 8. Nf3 O-O 9. Bd3 Ne6 10. Bh2 c5 11. O-O Bd7 12. a4 Bc6 13. a5 a6 14. Be5 Rc8 15. Na4 Bxa4 16. Rxa4 Qd7 17. Ra3 c4 18. Be2 Ne4 19. Bh2 f6 20. Nd2 N6g5 21. Nxe4 Nxe4 22. Qe1 Nd6 23. Qb4 Nb5 24. Raa1 e6 25. c3 Rfe8 26. Bf3 Bf8 27. Qa4 Qc6 28. Rfe1 f5 29. g4 Bd6 30. Bxd6 Nxd6 31. Qxc6 bxc6 32. Bd1 Rb8 33. Re2 Kf7 34. Ba4 Nb5 35. Kg2 e5 36. dxe5 Rxe5 37. Kf3 Kf6 38. Rg1 fxg4+ 39. hxg4 h5 40. Rd2 h4 41. Kg2 g5 42. Rf1 Re4 43. Kh3 Ke7 44. Re2 Rf8 45. Bc2 Re5 46. Bd1 Nd6 47. f4 Re4 48. Kg2 Rh8 49. Bc2 h3+ 50. Kh2 Re6 51. Bf5 Nxf5 52. gxf5 Re4 53. fxg5 Rg4 54. e4 dxe4 55. Rg1 Rhh4 56. Rxg4 Rxg4 57. Kxh3 Rxg5 58. Rxe4+ Kd6 59. Rd4+ Ke5 60. Rxc4 Kd5 61. Rf4 Ke5 62. Rb4 Rxf5 63. Rb6 Kd5 64. Rxa6 Rf1 65. Kg3 c5 66. Ra8 Ra1 67. a6 Kc6 68. Kf4 Ra2 69. Ke4 1-0

[Event "Hungarian Rapid-ch 2022"]
[Site "Ajka"]
[Date "2022.07.15"]
[Round "2.18"]
[White "Gelle, Istvan"]
[Black "Meszaros, Tamas"]
[Result "1-0"]
[ECO "A45"]
[WhiteElo "2218"]
[BlackElo "2368"]
[Annotator "ChessBase"]
[PlyCount "89"]
[EventDate "2022.07.15"]
[EventType "swiss"]
[EventCountry "HUN"]
[SourceTitle "playchess.com"]
[Source "ChessBase"]
[SourceQuality "1"]
[TimeControl "900+10"]

1. d4 Nf6 2. Bf4 e6 3. e3 b6 4. Nf3 Bb7 5. Be2 Be7 6. h3 c5 7. O-O O-O 8. a4 cxd4 9. exd4 a6 10. Nbd2 d6 11. Re1 Nbd7 12. Bh2 Re8 13. Bf1 Bf8 14. Nc4 Qc7 15. Ne3 Rad8 16. c4 e5 17. b4 a5 18. bxa5 bxa5 19. Rb1 Be4 20. Rb2 Bxf3 21. gxf3 exd4 22. Qxd4 Qc6 23. Rb5 Ne5 24. Bxe5 dxe5 25. Qh4 Bb4 26. Rb1 Qxf3 27. Bg2 Qe2 28. Qg3 e4 29. c5 Qa2 30. R1xb4 axb4 31. Rxb4 Qa3 32. Rc4 Nd5 33. Nxd5 Qa1+ 34. Kh2 Rxd5 35. c6 Qa2 36. Rxe4 Rdd8 37. c7 Rc8 38. Rxe8+ Rxe8 39. Bc6 Rf8 40. Bd7 Qc4 41. a5 g6 42. Qd6 Qe2 43. Qxf8+ Kxf8 44. c8=Q+ Kg7 45. Qc5 1-0

[Event "Hungarian Rapid-ch 2022"]
[Site "Ajka"]
[Date "2022.07.15"]
[Round "2.19"]
[White "Csonka, Balazs"]
[Black "Jonas, Zsolt"]
[Result "1-0"]
[ECO "B90"]
[WhiteElo "2495"]
[BlackElo "2031"]
[Annotator "ChessBase"]
[PlyCount "57"]
[EventDate "2022.07.15"]
[EventType "swiss"]
[EventCountry "HUN"]
[SourceTitle "playchess.com"]
[Source "ChessBase"]
[SourceQuality "1"]
[TimeControl "900+10"]

1. e4 c5 2. Nf3 d6 3. d4 cxd4 4. Nxd4 Nf6 5. Nc3 a6 6. Be3 e6 7. f3 Qc7 8. g4 b5 9. Qd2 Bb7 10. O-O-O b4 11. Nce2 d5 12. e5 Nfd7 13. f4 Nc6 14. Nxc6 Bxc6 15. Nd4 Nc5 16. Bg2 a5 17. Kb1 a4 18. f5 Be7 19. Rhf1 Bd7 20. Bf4 Rb8 21. Bg5 Qd8 22. f6 gxf6 23. exf6 Bd6 24. Nf5 exf5 25. Qxd5 Be6 26. Qc6+ Qd7 27. Rxd6 Qxc6 28. Bxc6+ Nd7 29. gxf5 1-0

[Event "Hungarian Rapid-ch 2022"]
[Site "Ajka"]
[Date "2022.07.15"]
[Round "2.20"]
[White "Papp, Bence"]
[Black "Jakab, Attila"]
[Result "1-0"]
[ECO "A45"]
[WhiteElo "2244"]
[BlackElo "2311"]
[Annotator "ChessBase"]
[PlyCount "51"]
[EventDate "2022.07.15"]
[EventType "swiss"]
[EventCountry "HUN"]
[SourceTitle "playchess.com"]
[Source "ChessBase"]
[SourceQuality "1"]
[TimeControl "900+10"]

1. d4 Nf6 2. Bf4 d6 3. Nc3 Nbd7 4. Nf3 g6 5. e4 Bg7 6. Qd2 c6 7. Bh6 Bxh6 8. Qxh6 e5 9. dxe5 dxe5 10. O-O-O Qe7 11. h3 b5 12. Bxb5 cxb5 13. Nxb5 Rb8 14. Nd6+ Kd8 15. Nxe5 Kc7 16. Nexf7 Rf8 17. Qf4 Rxf7 18. Nxf7+ Kb7 19. Nd6+ Ka8 20. Rhe1 Ne5 21. Qg5 Ba6 22. Re3 Rb6 23. f4 Nd3+ 24. Rexd3 Bxd3 25. Rxd3 Rxd6 26. Qc5 1-0

[Event "Hungarian Rapid-ch 2022"]
[Site "Ajka"]
[Date "2022.07.15"]
[Round "2.21"]
[White "Lizak, Peter"]
[Black "Tancsa, Tamas"]
[Result "1/2-1/2"]
[ECO "A45"]
[WhiteElo "2400"]
[BlackElo "2103"]
[Annotator "ChessBase"]
[PlyCount "109"]
[EventDate "2022.07.15"]
[EventType "swiss"]
[EventCountry "HUN"]
[SourceTitle "playchess.com"]
[Source "ChessBase"]
[SourceQuality "1"]
[TimeControl "900+10"]

1. d4 Nf6 2. Nc3 d5 3. Bf4 g6 4. e3 Bg7 5. h4 h6 6. Nf3 O-O 7. Ne5 c5 8. Qd2 Nc6 9. f3 Nh5 10. Bh2 e6 11. O-O-O Nf6 12. g4 Nd7 13. f4 Ndxe5 14. dxe5 d4 15. exd4 cxd4 16. Ne4 Qd5 17. Qd3 Qxa2 18. Qa3 Qxa3 19. bxa3 Rd8 20. Bg2 Bf8 21. Kb2 Na5 22. Bf1 b6 23. Nf6+ Kg7 24. h5 Bb7 25. Rg1 Rac8 26. hxg6 fxg6 27. f5 Rc3 28. Rxd4 Rxd4 29. Kxc3 Ra4 30. Bd3 Bc5 31. fxg6 Bxg1 32. Nh5+ Kg8 33. Bxg1 Nc6 34. Nf6+ Kg7 35. Nh5+ Kg8 36. Bh2 Rxa3+ 37. Kd2 Ne7 38. Nf6+ Kg7 39. Nh5+ Kg8 40. Nf6+ Kh8 41. Bf4 Rxd3+ 42. cxd3 Nxg6 43. Bg3 Bc6 44. d4 Ne7 45. Bf4 Kg7 46. g5 hxg5 47. Bxg5 Kg6 48. Bh4 a5 49. Kc2 Nf5 50. Bf2 Kg5 51. d5 exd5 52. Bxb6 a4 53. Kc3 Ng7 54. Kb4 Ne6 55. Nxd5 1/2-1/2

[Event "Hungarian Rapid-ch 2022"]
[Site "Ajka"]
[Date "2022.07.15"]
[Round "2.22"]
[White "Csiszar, Csaba"]
[Black "Gaal, Zsoka"]
[Result "1-0"]
[ECO "A48"]
[WhiteElo "2389"]
[BlackElo "2313"]
[Annotator "ChessBase"]
[PlyCount "75"]
[EventDate "2022.07.15"]
[EventType "swiss"]
[EventCountry "HUN"]
[SourceTitle "playchess.com"]
[Source "ChessBase"]
[SourceQuality "1"]
[TimeControl "900+10"]

1. d4 Nf6 2. Nf3 g6 3. c4 Bg7 4. Nc3 O-O 5. Bf4 d6 6. e3 Nfd7 7. Be2 e5 8. Bg5 f6 9. Bh4 Nc6 10. h3 Ne7 11. e4 Kh8 12. O-O g5 13. Bg3 Ng6 14. Re1 Nf4 15. Bf1 Rg8 16. Nd5 Nf8 17. Ne3 N8g6 18. Qc2 Be6 19. Rad1 Qe7 20. d5 Bd7 21. Nf5 Qf7 22. c5 Bxf5 23. exf5 Ne7 24. Bh2 Bh6 25. g4 Bf8 26. cxd6 cxd6 27. Qc7 Nfxd5 28. Qxb7 Nb6 29. Rxd6 Bg7 30. Re6 Rge8 31. Nxe5 fxe5 32. Bxe5 Nbd5 33. Bc4 Bxe5 34. R1xe5 Rab8 35. Qxa7 Ra8 36. Qd4 Rad8 37. Rxd5+ Kg8 38. Rxd8 1-0

[Event "Hungarian Rapid-ch 2022"]
[Site "Ajka"]
[Date "2022.07.15"]
[Round "2.23"]
[White "Slezak, Robert"]
[Black "Papp, Levente"]
[Result "0-1"]
[ECO "C04"]
[WhiteElo "2068"]
[BlackElo "2394"]
[Annotator "ChessBase"]
[PlyCount "30"]
[EventDate "2022.07.15"]
[EventType "swiss"]
[EventCountry "HUN"]
[SourceTitle "playchess.com"]
[Source "ChessBase"]
[SourceQuality "1"]
[TimeControl "900+10"]

1. e4 e6 2. d4 d5 3. Nd2 Nc6 4. Ngf3 Nf6 5. e5 Nd7 6. c3 f6 7. exf6 Qxf6 8. Bd3 Bd6 9. O-O O-O 10. h3 e5 11. dxe5 Ndxe5 12. Be2 Ne7 13. Nxe5 Qxe5 14. Nf3 Rxf3 15. g3 Rxg3+ 0-1

[Event "Hungarian Rapid-ch 2022"]
[Site "Ajka"]
[Date "2022.07.15"]
[Round "2.24"]
[White "Hoang, Thanh Trang"]
[Black "Pogany, Zsombor"]
[Result "1/2-1/2"]
[ECO "A48"]
[WhiteElo "2376"]
[BlackElo "2178"]
[Annotator "ChessBase"]
[PlyCount "88"]
[EventDate "2022.07.15"]
[EventType "swiss"]
[EventCountry "HUN"]
[SourceTitle "playchess.com"]
[Source "ChessBase"]
[SourceQuality "1"]
[TimeControl "900+10"]

1. d4 Nf6 2. Nf3 g6 3. Bf4 Bg7 4. e3 O-O 5. h3 b6 6. Be2 Bb7 7. O-O d6 8. Nbd2 Nbd7 9. a4 a5 10. Bh2 Ne4 11. c3 e6 12. Nxe4 Bxe4 13. Nd2 Bb7 14. e4 e5 15. d5 f5 16. Bb5 Nc5 17. exf5 Bxd5 18. b4 Ne4 19. Nxe4 Bxe4 20. fxg6 hxg6 21. Bc4+ Kh7 22. Bd5 Bxd5 23. Qxd5 Qd7 24. b5 Rae8 25. Rad1 Qf7 26. Qc6 Bh6 27. Bg3 Bf4 28. Bxf4 exf4 29. Rfe1 Re7 30. Rxe7 Qxe7 31. Rd4 Rf7 32. Re4 Qg5 33. f3 Kg7 34. Re8 Re7 35. Rxe7+ Qxe7 36. Kf1 g5 37. Qc4 Kf6 38. Qg8 Qe3 39. Qd8+ Kg6 40. Qg8+ Kf6 41. Qd8+ Kg6 42. Qxc7 Qc1+ 43. Kf2 Qe3+ 44. Kf1 Qc1+ 1/2-1/2

[Event "Hungarian Rapid-ch 2022"]
[Site "Ajka"]
[Date "2022.07.15"]
[Round "2.25"]
[White "Kiss, Gergely"]
[Black "Straubinger, Daniel"]
[Result "1/2-1/2"]
[ECO "D11"]
[WhiteElo "2166"]
[BlackElo "2349"]
[Annotator "ChessBase"]
[PlyCount "96"]
[EventDate "2022.07.15"]
[EventType "swiss"]
[EventCountry "HUN"]
[SourceTitle "playchess.com"]
[Source "ChessBase"]
[SourceQuality "1"]
[TimeControl "900+10"]

1. d4 d5 2. Nf3 Nf6 3. c4 c6 4. e3 Bg4 5. Nc3 e6 6. Qb3 Qc7 7. Ne5 Bf5 8. Bd2 Nbd7 9. f4 Ne4 10. Nxe4 Bxe4 11. Rc1 Be7 12. Nf3 O-O 13. Be2 Qb6 14. Qxb6 axb6 15. a3 Rfe8 16. O-O f6 17. Bc3 Bd6 18. Nd2 f5 19. Nf3 dxc4 20. Bxc4 b5 21. Be2 Nb6 22. Nd2 Nd5 23. Nxe4 fxe4 24. Bd2 b4 25. axb4 Ra2 26. Rc2 Bxb4 27. Bc1 Bd6 28. Bd2 Rea8 29. Bc4 Ra1 30. Rcc1 Rxc1 31. Rxc1 Kf7 32. Rf1 g6 33. g4 Ke7 34. Bb3 Bb4 35. Bc1 Nf6 36. h3 h5 37. g5 Ne8 38. Rd1 Nd6 39. Bc2 Kd7 40. Kf2 Ra1 41. Ke2 Ra2 42. Bb1 Ra1 43. Bc2 Kc7 44. Bb3 Kd7 45. Bc2 b5 46. Rg1 Ke7 47. Rd1 Kd7 48. Rg1 Ke7 1/2-1/2

[Event "Hungarian Rapid-ch 2022"]
[Site "Ajka"]
[Date "2022.07.15"]
[Round "2.26"]
[White "Emodi, Barnabas"]
[Black "Tubak, Daniel"]
[Result "1-0"]
[ECO "D26"]
[WhiteElo "2341"]
[BlackElo "2182"]
[Annotator "ChessBase"]
[PlyCount "73"]
[EventDate "2022.07.15"]
[EventType "swiss"]
[EventCountry "HUN"]
[SourceTitle "playchess.com"]
[Source "ChessBase"]
[SourceQuality "1"]
[TimeControl "900+10"]

1. d4 Nf6 2. Nf3 d5 3. c4 dxc4 4. e3 e6 5. Bxc4 a6 6. a4 b6 7. O-O Bb7 8. Nc3 Be7 9. Qe2 O-O 10. Rd1 Nbd7 11. e4 Ra7 12. e5 Nd5 13. Nxd5 Bxd5 14. Bxd5 exd5 15. e6 Nb8 16. exf7+ Rxf7 17. Ne5 Rf8 18. Be3 Bd6 19. f4 Ra8 20. Rac1 Nd7 21. Qf3 Nf6 22. Qh3 Qc8 23. Qxc8 Raxc8 24. Rc6 Ne4 25. g3 a5 26. Rdc1 Rcd8 27. Kg2 h6 28. h4 g5 29. hxg5 hxg5 30. fxg5 Rf5 31. Ng4 Kg7 32. Nh6 Nxg3 33. Rxd6 cxd6 34. Kxg3 Rff8 35. Bf4 Rc8 36. Nf5+ Kh7 37. g6+ 1-0

[Event "Hungarian Rapid-ch 2022"]
[Site "Ajka"]
[Date "2022.07.15"]
[Round "2.27"]
[White "Nemeth, Zsolt"]
[Black "Leviczky, Tibor"]
[Result "0-1"]
[ECO "B40"]
[WhiteElo "1980"]
[BlackElo "2281"]
[Annotator "ChessBase"]
[PlyCount "78"]
[EventDate "2022.07.15"]
[EventType "swiss"]
[EventCountry "HUN"]
[SourceTitle "playchess.com"]
[Source "ChessBase"]
[SourceQuality "1"]
[TimeControl "900+10"]

1. e4 c5 2. Nf3 e6 3. d3 Nc6 4. g3 g6 5. Bg2 Bg7 6. O-O Nge7 7. Re1 d6 8. Nbd2 O-O 9. c3 e5 10. Nf1 d5 11. exd5 Nxd5 12. Ne3 Nde7 13. Nc4 f6 14. Be3 b6 15. d4 cxd4 16. cxd4 e4 17. Nfd2 f5 18. Nb3 Be6 19. Bf1 Nd5 20. Qd2 Rc8 21. Rac1 Re8 22. Bg5 Qd7 23. Red1 Bf7 24. Ne3 Ncb4 25. Nxd5 Nxd5 26. Ba6 Rxc1 27. Rxc1 Bf8 28. Qe2 Qe6 29. Bb5 Rc8 30. Rxc8 Qxc8 31. Qc4 Qxc4 32. Bxc4 Nb4 33. Bxf7+ Kxf7 34. Nc1 Ke6 35. Bd2 Nc2 36. Ne2 Bd6 37. Be3 Nb4 38. a3 Nd3 39. b4 Kd5 0-1

[Event "Hungarian Rapid-ch 2022"]
[Site "Ajka"]
[Date "2022.07.15"]
[Round "2.28"]
[White "Krstulovic, Alex"]
[Black "Juhasz, Zoltan"]
[Result "1-0"]
[ECO "C00"]
[WhiteElo "2413"]
[BlackElo "1985"]
[Annotator "ChessBase"]
[PlyCount "69"]
[EventDate "2022.07.15"]
[EventType "swiss"]
[EventCountry "HUN"]
[SourceTitle "playchess.com"]
[Source "ChessBase"]
[SourceQuality "1"]
[TimeControl "900+10"]

1. e4 e6 2. a3 d5 3. e5 c5 4. b4 c4 5. d3 b5 6. dxc4 bxc4 7. Be3 Bd7 8. Nc3 Ne7 9. f4 Nf5 10. Bf2 h5 11. Nf3 Na6 12. Ne2 Nc7 13. Ned4 Nxd4 14. Nxd4 Nb5 15. Nxb5 Bxb5 16. c3 a6 17. a4 Bc6 18. Bd4 g5 19. f5 g4 20. Be2 Qh4+ 21. Bf2 Qg5 22. fxe6 fxe6 23. O-O Bg7 24. b5 Bb7 25. Qd4 O-O 26. Qb6 Bc8 27. Qc6 Rb8 28. bxa6 Rb2 29. Bc5 Rd8 30. a7 Bd7 31. a8=Q Bxc6 32. Qxc6 Rxe2 33. Qxe6+ Kh8 34. Rf5 Rxe5 35. Qxe5 1-0

[Event "Hungarian Rapid-ch 2022"]
[Site "Ajka"]
[Date "2022.07.15"]
[Round "2.29"]
[White "Kolimar, Kristof Pal"]
[Black "Lazarne Vajda, Szidonia"]
[Result "0-1"]
[ECO "A06"]
[WhiteElo "2160"]
[BlackElo "2313"]
[Annotator "ChessBase"]
[PlyCount "160"]
[EventDate "2022.07.15"]
[EventType "swiss"]
[EventCountry "HUN"]
[SourceTitle "playchess.com"]
[Source "ChessBase"]
[SourceQuality "1"]
[TimeControl "900+10"]

1. Nf3 d5 2. c4 c6 3. d4 Nf6 4. Qc2 dxc4 5. Qxc4 Bf5 6. g3 e6 7. Nc3 Nbd7 8. Bg2 Be7 9. O-O O-O 10. Re1 Ne4 11. Bf4 Nxc3 12. bxc3 Be4 13. Qb3 Qb6 14. Bh3 Qxb3 15. axb3 Bxf3 16. exf3 Nb6 17. Bd2 Bf6 18. Ra5 a6 19. f4 g6 20. Bf1 Rfd8 21. Kg2 Rac8 22. Ra2 Rd7 23. b4 Nd5 24. Rd1 h5 25. h3 Rcd8 26. Kf3 Ne7 27. Bd3 Nf5 28. g4 hxg4+ 29. hxg4 Ne7 30. Bc4 Bg7 31. Bb3 Nd5 32. Rc2 Kf8 33. Rcc1 Nc7 34. Ke2 Nb5 35. Be3 Ke7 36. Bc4 Nc7 37. Bd3 Nd5 38. Be4 Rh8 39. f5 Nxe3 40. fxe3 gxf5 41. gxf5 Rh2+ 42. Kd3 e5 43. Rh1 Rxh1 44. Rxh1 exd4 45. cxd4 Rd8 46. Rg1 Bf6 47. Rg4 Kd6 48. Bf3 Kc7 49. Bd1 b6 50. Bb3 Rd7 51. Rg1 a5 52. bxa5 bxa5 53. Rc1 Kb6 54. Ba4 Rd6 55. Kc4 Kc7 56. Rd1 Rd8 57. e4 Rb8 58. Bb3 Rb4+ 59. Kc3 c5 60. Bxf7 Rxd4 61. Kc2 Rxe4 62. Be6 Bd4 63. Rb1 Rf4 64. Kb3 Be5 65. Rc1 Kb6 66. Rc4 Rf3+ 67. Ka2 Rf2+ 68. Kb3 Rf3+ 69. Ka2 Kb5 70. Re4 Bd4 71. Bd7+ Kb4 72. Re1 Rf2+ 73. Kb1 a4 74. Re8 a3 75. Rb8+ Kc3 76. Be6 c4 77. Ka1 Be5 78. Rb5 Bd4 79. Rb7 Kd3+ 80. Kb1 a2+ 0-1

[Event "Hungarian Rapid-ch 2022"]
[Site "Ajka"]
[Date "2022.07.15"]
[Round "2.30"]
[White "Lakos, Nikoletta"]
[Black "Molnar, Aurel Jr."]
[Result "0-1"]
[ECO "B40"]
[WhiteElo "2203"]
[BlackElo "2014"]
[Annotator "ChessBase"]
[PlyCount "49"]
[EventDate "2022.07.15"]
[EventType "swiss"]
[EventCountry "HUN"]
[SourceTitle "playchess.com"]
[Source "ChessBase"]
[SourceQuality "1"]
[TimeControl "900+10"]

1. e4 c5 2. Nf3 e6 3. b3 Nc6 4. Bb2 b6 5. g3 d5 6. Bb5 Bd7 7. exd5 exd5 8. O-O Nf6 9. d4 cxd4 10. Re1+ Ne7 11. Nxd4 a6 12. Nc6 Qc7 13. Nxe7 Bxe7 14. Ba3 axb5 15. Rxe7+ Kd8 16. Rxf7 Qe5 17. c3 Re8 18. Bb2 Bh3 19. Nd2 Rxa2 20. Nf3 Rxa1 21. Qxa1 Qe4 22. Qa8+ Bc8 23. Kg2 Qe6 24. Rxg7 Ne4 25. c4 0-1

[Event "Hungarian Rapid-ch 2022"]
[Site "Ajka"]
[Date "2022.07.15"]
[Round "3.1"]
[White "Berkes, Ferenc"]
[Black "Emodi, Barnabas"]
[Result "1-0"]
[ECO "E70"]
[WhiteElo "2649"]
[BlackElo "2341"]
[Annotator "ChessBase"]
[PlyCount "81"]
[EventDate "2022.07.15"]
[EventType "swiss"]
[EventCountry "HUN"]
[SourceTitle "playchess.com"]
[Source "ChessBase"]
[SourceQuality "1"]
[TimeControl "900+10"]

1. d4 Nf6 2. c4 g6 3. Nc3 Bg7 4. e4 O-O 5. Nf3 c6 6. Bd3 d6 7. O-O Bg4 8. h3 Bxf3 9. Qxf3 a6 10. Rd1 Nfd7 11. Bf1 b5 12. Bg5 b4 13. Ne2 Ra7 14. a3 bxa3 15. Qxa3 c5 16. b4 cxd4 17. Nxd4 h6 18. Be3 Rc7 19. Rac1 Qc8 20. b5 Nc5 21. e5 dxe5 22. Nb3 Nxb3 23. Qxb3 Nd7 24. b6 Nc5 25. Qa3 Rc6 26. Rd5 Ne6 27. c5 Nd4 28. Bxd4 exd4 29. Bxa6 Qa8 30. Rd7 Rd8 31. Rxd8+ Qxd8 32. Bb7 Re6 33. c6 Qxb6 34. c7 Qxb7 35. c8=Q+ Qxc8 36. Rxc8+ Kh7 37. g4 Bf6 38. Rf8 Kg7 39. Qa8 Be5 40. Qe8 Rf6 41. Rg8+ 1-0

[Event "Hungarian Rapid-ch 2022"]
[Site "Ajka"]
[Date "2022.07.15"]
[Round "3.2"]
[White "Leviczky, Tibor"]
[Black "Gledura, Benjamin"]
[Result "1/2-1/2"]
[ECO "A33"]
[WhiteElo "2281"]
[BlackElo "2637"]
[Annotator "ChessBase"]
[PlyCount "167"]
[EventDate "2022.07.15"]
[EventType "swiss"]
[EventCountry "HUN"]
[SourceTitle "playchess.com"]
[Source "ChessBase"]
[SourceQuality "1"]
[TimeControl "900+10"]

1. Nf3 c5 2. c4 Nc6 3. d4 cxd4 4. Nxd4 Nf6 5. Nc3 e6 6. a3 Bc5 7. Nb3 Be7 8. e4 O-O 9. Be2 b6 10. O-O Ba6 11. Be3 Rc8 12. f4 Nb8 13. e5 Ne8 14. Nb5 Bxb5 15. cxb5 d6 16. Bf3 Nc7 17. Qe2 dxe5 18. fxe5 Bg5 19. Bf2 Qe7 20. Nd4 Bh6 21. Rfd1 g6 22. b4 Nd5 23. Bxd5 exd5 24. Nf3 Qe6 25. Nd4 Qd7 26. e6 fxe6 27. Qxe6+ Qxe6 28. Nxe6 Rfe8 29. Nd4 Rc4 30. Nf3 Bg7 31. Ra2 Nd7 32. h3 Nf6 33. Bh4 Ne4 34. Re2 Rf8 35. Re3 Nc3 36. Rdd3 d4 37. Re7 Nxb5 38. a4 Nc7 39. Bg3 Nd5 40. Rxa7 Nxb4 41. Rb3 Re8 42. Nd2 Rc1+ 43. Kh2 Nd5 44. a5 bxa5 45. Rbb7 Bh8 46. Rxh7 Ne3 47. Bf4 Rc6 48. Rhd7 Rc2 49. Bxe3 dxe3 50. Nf3 Rf2 51. Re7 Rxe7 52. Rxe7 e2 53. Kg3 Rf1 54. Rxe2 Bc3 55. Rc2 Bb4 56. Rc6 Kg7 57. Kg4 Rf2 58. g3 a4 59. Rb6 Bc3 60. Ra6 Ra2 61. Ng5 a3 62. Ra7+ Kf8 63. Ne6+ Ke8 64. Kg5 Rg2 65. Nc7+ Kf8 66. Ne6+ Kg8 67. Rxa3 Rxg3+ 68. Kh4 Re3 69. Ra8+ Kh7 70. Ng5+ Kh6 71. Kg4 Be1 72. h4 Rg3+ 73. Kf4 Rb3 74. Rh8+ Kg7 75. Rh7+ Kg8 76. Rh6 Bd2+ 77. Kg4 Rb4+ 78. Kg3 Rb6 79. h5 Rb3+ 80. Kg2 gxh5 81. Rxh5 Rb5 82. Ne4 Rxh5 83. Nf6+ Kf7 84. Nxh5 1/2-1/2

[Event "Hungarian Rapid-ch 2022"]
[Site "Ajka"]
[Date "2022.07.15"]
[Round "3.3"]
[White "Balog, Imre"]
[Black "Krstulovic, Alex"]
[Result "1-0"]
[ECO "D03"]
[WhiteElo "2594"]
[BlackElo "2413"]
[Annotator "ChessBase"]
[PlyCount "157"]
[EventDate "2022.07.15"]
[EventType "swiss"]
[EventCountry "HUN"]
[SourceTitle "playchess.com"]
[Source "ChessBase"]
[SourceQuality "1"]
[TimeControl "900+10"]

1. d4 Nf6 2. Bg5 d5 3. Nf3 c5 4. e3 Nc6 5. c3 cxd4 6. exd4 Bf5 7. Qb3 Qb6 8. Qxb6 axb6 9. Na3 Ne4 10. Nb5 Rc8 11. Bf4 e6 12. Bc7 g5 13. Nd2 Nxd4 14. Nxe4 Nc2+ 15. Kd2 Nxa1 16. Ng3 Bg6 17. Bd3 Bc5 18. f3 f6 19. Rxa1 Kd7 20. b4 Be7 21. Bxb6 Bxd3 22. Kxd3 Kc6 23. Na7+ Kxb6 24. Nxc8+ Rxc8 25. Re1 Rc6 26. Ne2 e5 27. Ng3 Kb5 28. Rb1 Ra6 29. Nf5 Bf8 30. Ne3 Rxa2 31. Nxd5 Rxg2 32. Nxf6 Rxh2 33. c4+ Kc6 34. Ng4 Rh3 35. Nxe5+ Kc7 36. Ke4 Bg7 37. f4 gxf4 38. Nf3 Rh6 39. Rg1 Rg6 40. Rh1 h6 41. Kxf4 Rc6 42. Rc1 Bf8 43. b5 Rf6+ 44. Ke4 b6 45. Nd4 Bc5 46. Nf5 Re6+ 47. Kd5 Re2 48. Rh1 Rd2+ 49. Ke4 Rc2 50. Kd3 Rf2 51. Rh5 Rf3+ 52. Ke4 Rc3 53. Kd5 Rd3+ 54. Ke5 Rc3 55. Rh4 Bf8 56. Kd5 Kd7 57. Rg4 Rd3+ 58. Ke4 Rd1 59. Rg8 Bc5 60. Rg7+ Ke6 61. Rg6+ Kd7 62. Rxh6 Re1+ 63. Kd3 Rd1+ 64. Kc2 Rf1 65. Ng7 Bf8 66. Rxb6 Rf2+ 67. Kd3 Rf3+ 68. Ke4 Rc3 69. Ne6 Bd6 70. Kd5 Rd3+ 71. Nd4 Bg3 72. Rb7+ Kc8 73. Rf7 Bh2 74. b6 Rd1 75. Kc6 Kd8 76. Nb5 Rc1 77. c5 Bg1 78. Rd7+ Ke8 79. Rd5 1-0

[Event "Hungarian Rapid-ch 2022"]
[Site "Ajka"]
[Date "2022.07.15"]
[Round "3.4"]
[White "Lazarne Vajda, Szidonia"]
[Black "Hera, Imre Jr."]
[Result "0-1"]
[ECO "B22"]
[WhiteElo "2313"]
[BlackElo "2568"]
[Annotator "ChessBase"]
[PlyCount "94"]
[EventDate "2022.07.15"]
[EventType "swiss"]
[EventCountry "HUN"]
[SourceTitle "playchess.com"]
[Source "ChessBase"]
[SourceQuality "1"]
[TimeControl "900+10"]

1. e4 c5 2. c3 Nf6 3. e5 Nd5 4. d4 cxd4 5. cxd4 g6 6. Nf3 Bg7 7. Bc4 Nb6 8. Bb3 O-O 9. O-O d6 10. h3 dxe5 11. dxe5 Qxd1 12. Rxd1 Nc6 13. Re1 Nb4 14. Nc3 Nd3 15. Re2 Nc5 16. Bc2 Be6 17. Be3 Rac8 18. Bxc5 Rxc5 19. Bb3 Bc4 20. Re4 Rfc8 21. Rd1 e6 22. Rdd4 a6 23. Rd6 R5c6 24. Rxc6 Rxc6 25. Nd4 Rc7 26. f4 Bxb3 27. axb3 Nd7 28. Re2 Nc5 29. Ne4 Nxe4 30. Rxe4 Bf8 31. Kh2 Rd7 32. Nf3 Rd3 33. Rc4 Rxb3 34. Nd2 Rb4 35. Rc7 b5 36. b3 Rxf4 37. Ra7 Rd4 38. Nf3 Rd3 39. Ng5 Rxb3 40. Ne4 Kg7 41. Nf6 Bc5 42. Ne8+ Kf8 43. Ra8 Bd4 44. Nf6+ Kg7 45. Rg8+ Kh6 46. Ng4+ Kg5 47. Rd8 Rd3 0-1

[Event "Hungarian Rapid-ch 2022"]
[Site "Ajka"]
[Date "2022.07.15"]
[Round "3.5"]
[White "Horvath, Csaba"]
[Black "Nemeth, Zoltan"]
[Result "1-0"]
[ECO "A41"]
[WhiteElo "2506"]
[BlackElo "2242"]
[Annotator "ChessBase"]
[PlyCount "87"]
[EventDate "2022.07.15"]
[EventType "swiss"]
[EventCountry "HUN"]
[SourceTitle "playchess.com"]
[Source "ChessBase"]
[SourceQuality "1"]
[TimeControl "900+10"]

1. Nf3 d6 2. d4 Bg4 3. c4 e5 4. dxe5 Bxf3 5. exf3 dxe5 6. Qxd8+ Kxd8 7. Nc3 c6 8. f4 Bd6 9. Ne4 Bb4+ 10. Kd1 Nd7 11. fxe5 Nxe5 12. Bf4 Ng6 13. Bg3 Ke7 14. a3 f5 15. axb4 fxe4 16. Kc2 Nf6 17. Be2 Rhd8 18. h4 Ke6 19. h5 Ne5 20. Ra3 Rd4 21. Kc3 Rd7 22. Ra5 Neg4 23. Rg5 Nh6 24. Re5+ Kf7 25. Bh4 Re8 26. Rxe8 Nxe8 27. g4 b6 28. Rh3 c5 29. bxc5 bxc5 30. Re3 Rd4 31. b4 Nc7 32. bxc5 Ne6 33. Bg3 Rd8 34. Rxe4 Nxc5 35. Re5 Na4+ 36. Kb4 Nb6 37. c5 Nd5+ 38. Kc4 Ne7 39. Re4 Nhg8 40. Bd6 Rc8 41. Rf4+ Ke6 42. Bd3 Nf6 43. g5 Nxh5 44. Re4+ 1-0

[Event "Hungarian Rapid-ch 2022"]
[Site "Ajka"]
[Date "2022.07.15"]
[Round "3.6"]
[White "Martini, Balazs"]
[Black "Prohaszka, Peter"]
[Result "0-1"]
[ECO "D04"]
[WhiteElo "2348"]
[BlackElo "2570"]
[Annotator "ChessBase"]
[PlyCount "36"]
[EventDate "2022.07.15"]
[EventType "swiss"]
[EventCountry "HUN"]
[SourceTitle "playchess.com"]
[Source "ChessBase"]
[SourceQuality "1"]
[TimeControl "900+10"]

1. d4 d5 2. Nf3 Nf6 3. e3 c5 4. dxc5 e6 5. c4 Bxc5 6. Qc2 Bd6 7. Nbd2 Nc6 8. a3 Bd7 9. Bd3 Rc8 10. O-O O-O 11. b3 e5 12. e4 dxc4 13. Nxc4 Bb8 14. Qe2 Bg4 15. Be3 Bxf3 16. gxf3 Nh5 17. Rfd1 Nd4 18. Bxd4 exd4 0-1